 Dungeon Sprint DCSS version 0.29.1-4-g47bece8355 (webtiles) character file.

Game seed: 3157564407210157273

18204 Groucho the Tortoise (level 12, -3/88 HPs)
             Began as a Gargoyle Fighter on Dec 11, 2022.
             Was an Elder of Cheibriados.
             Slain by an orc knight
             ... wielding a +0 great sword
              (5 damage)
             ... in the Dungeon (Sprint VII: "The Pits").
             The game lasted 00:10:16 (7287 turns).

Groucho the Tortoise (Gargoyle Fighter)             Turns: 7287, Time: 00:10:16

Health: -3/88      AC: 41    Str: 29    XL:     12   Next: 56%
Magic:  8/23       EV: 13    Int: 23    God:    Cheibriados [****..]
Gold:   20         SH:  9    Dex: 21    Spells: 15/15 levels left

rFire   . . .      SeeInvis .   r - +2 morningstar (protect)
rCold   . . .      Faith    .   c - +0 buckler
rNeg    + . .      Spirit   .   o - +2 plate armour
rPois   ∞          Reflect  .   s - +0 helmet
rElec   +          Harm     .   t - +0 cloak
rCorr   .          Rampage  .   (no gloves)
Will    .....      NoTele   +   (no boots)
Stlth   ..........              (no amulet)
HPRegen 0.24/turn               b - +3 ring of protection
MPRegen 0.18/turn               p - +3 ring of evasion

@: under a protective aura, very slow
A: sickness immunity, AC +8, negative energy resistance 1, electricity
resistance, torment resistance 1, petrification resistance
a: Renounce Religion, Bend Time, Temporal Distortion, Slouch


You were in the Dungeon.
You worshipped Cheibriados.
Cheibriados was greatly pleased with you.
You visited 1 branch You collected 20 gold pieces.

Inventory:

Hand Weapons
 r - a +2 morningstar of protection (weapon)
Missiles
 l - 19 stones (quivered)
Armour
 c - a +0 buckler (worn)
 o - a +2 plate armour (worn)
 s - a +0 helmet (worn)
 t - a +0 cloak (worn)
Jewellery
 b - a +3 ring of protection (left hand)
 p - a +3 ring of evasion (right hand)
 x - a ring of protection from cold
 y - a ring of wizardry
Scrolls
 j - 3 scrolls of blinking
 k - 2 scrolls of identify
 m - 5 scrolls of amnesia
 n - a scroll of summoning
 u - 2 scrolls of fog
 v - 2 scrolls of enchant weapon
 w - 3 scrolls of fear
Potions
 a - a potion of invisibility
 d - 4 potions of might
 e - 7 potions of curing
 f - 11 potions of heal wounds
 g - 4 potions of haste
 h - 4 potions of magic
 i - 5 potions of berserk rage
 q - 3 potions of brilliance


   Skills:
 + Level 15.8 Fighting
 + Level 14.4 Maces & Flails
 * Level 16.1 Armour
 * Level 3.1 Dodging
 * Level 16.0 Shields
 + Level 2.2 Spellcasting
 + Level 15.2 Invocations


You had 15 spell levels left.
You didn't know any spells.
Your spell library was empty.

Dungeon Overview and Level Annotations

Branches:
Dungeon (1/1)

Altars:
Ashenzari
Cheibriados
Dithmenos
Elyvilon
Fedhas
Gozag
Hepliaklqana
Kikubaaqudgha
Makhleb
Nemelex Xobeh
Okawaru
Qazlal
Ru
Sif Muna
Trog
Uskayaw
Vehumet
Wu Jian
Xom
Yredelemnul
Zin
The Shining One
Jiyva
Lugonu


Innate Abilities, Weirdness & Mutations

You are immune to sickness and miasma.
Your stone body is resilient. (AC +8)
You are immune to poison.
You resist negative energy. (rN+)
You are resistant to electric shocks. (rElec)
You are resistant to unholy torment.
You are immune to petrification.


Message History

The orc knight hits you with a +0 long sword!!
Your Dodging skill increases to level 3!
Unknown command.
Activating: Slouch (0% risk of failure)
Press: ? - help, Dir - look around, f - activate You can feel time thicken for a moment.
Cheibriados lowers the support of your attributes as your movement quickens.
The orc knight misses you. You block the orc knight's attack.
The orc knight hits you with a +1 battleaxe of draining!!
* * * LOW HITPOINT WARNING * * *
Unknown command.
You feel much better.
The orc warlord shouts!
You hear a shout!
The orc knight roars a battlecry!
The orc warlord goes into a battle-frenzy!
The orc warlord roars a battlecry!
The orc knight hits you but does no damage.
You block the orc knight's attack.
You hear a shout! x2
Activating: Slouch (0% risk of failure)
Press: ? - help, Dir - look around, f - activate You can feel time thicken for a moment.
You hear a roar!
You hear a shout!
The orc warlord roars a battlecry!
The orc knight hits you with a +1 battleaxe of draining!
The orc knight cheers noisily.
The orc knight hits you but does no damage.
You block the orc knight's attack.
You hear a shout!
Unknown command.
Unknown command.
Activating: Slouch (0% risk of failure)
Press: ? - help, Dir - look around, f - activate You can feel time thicken for a moment.
You can no longer step out of the flow of time.
Cheibriados lowers the support of your attributes as your movement quickens.
The orc knight hits you with a +0 long sword!!
* * * LOW HITPOINT WARNING * * *
The orc knight hits you with a +0 great sword.
You die...

#++############################
#.............oo...............
#....÷........@oo....[.........
#..##############''############
#..# #....oo# #..# #......#
#..# #......# #..# ###..###
#..# .o.o #..# ..o. ###..#
o.o.#


You could see 2 orc warlords and 4 orc knights.

Vanquished Creatures
  An apis (D)
  A hydra (D)
  2 boulder beetles (D)
  3 two-headed ogres (D)
  2 alligators (D)
  An anaconda (D)
  A vampire mage (D)
  A shadow wraith (D)
  4 sixfirhies (D)
  A deep troll (D)
  2 bog bodies (D)
  A phantasmal warrior (D)
  A deep elf pyromancer (D)
  A manticore (D)
  A cyclops (D)
  Joseph (D)
  A gargoyle (D)
  A cane toad (D)
  2 orange demons (D)
  A komodo dragon (D)
  A rime drake (D)
  A red devil (D)
  A troll (D)
  2 hornets (D)
  A snapping turtle (D)
  A flying skull (D)
  A shadow (D)
  A spriggan (D)
  A wraith (D)
  A neqoxec (D)
  3 yaks (D)
  A redback (D)
  An acid dragon (D)
  A warg (D)
  A floating eye (D)
  A swamp drake (D)
  5 wolves (D)
  2 centaurs (D)
  A phantom (D)
  A quasit (D)
  3 hounds (D)
  A jelly (D)
  2 gnoll boudas (D)
  3 orc wizards (D)
  An adder (D)
  8 gnolls (D)
  3 orcs (D)
  A bat skeleton (D)
  An endoplasm (D)
  2 goblins (D)
  2 jackals (D)
  2 kobolds (D)
  A quokka (D)
  3 frilled lizards (D)
90 creatures vanquished.

Notes
Turn   | Place    | Note
-------+----------+-------------------------------------------
     0 | D        | Groucho the Gargoyle Fighter began the quest for the Orb.
     0 | D        | Reached XP level 1. HP: 14/14 MP: 1/1
    41 | D        | Found a bloodstained altar of Trog.
    41 | D        | Found a shimmering blue altar of Sif Muna.
    41 | D        | Found a viscous altar of Jiyva.
    41 | D        | Found a hazy altar of Hepliaklqana.
    41 | D        | Found an opulent altar of Gozag.
    42 | D        | Found a glowing golden altar of the Shining One.
    42 | D        | Found a glowing silver altar of Zin.
    42 | D        | Found a basalt altar of Yredelemnul.
    42 | D        | Found a shimmering altar of Xom.
    42 | D        | Found an ornate altar of the Wu Jian Council.
    42 | D        | Found a sacrificial altar of Ru.
    42 | D        | Found a stormy altar of Qazlal.
    42 | D        | Found an iron altar of Okawaru.
    42 | D        | Found a sparkling altar of Nemelex Xobeh.
    42 | D        | Found a burning altar of Makhleb.
    42 | D        | Found a blossoming altar of Fedhas.
    42 | D        | Found a white marble altar of Elyvilon.
    42 | D        | Found a shadowy altar of Dithmenos.
    42 | D        | Found a snail-covered altar of Cheibriados.
    44 | D        | Found a corrupted altar of Lugonu.
    44 | D        | Found a radiant altar of Vehumet.
    45 | D        | Found an ancient bone altar of Kikubaaqudgha.
    45 | D        | Found a hide-covered altar of Uskayaw.
    45 | D        | Found a broken altar of Ashenzari.
    51 | D        | Became a worshipper of Cheibriados the Contemplative
    75 | D        | Reached XP level 2. HP: 7/20 MP: 2/2
   396 | D        | Reached * piety under Cheibriados
   397 | D        | Reached skill level 1 in Invocations
   401 | D        | Reached XP level 3. HP: 15/24 MP: 2/4
   708 | D        | Reached ** piety under Cheibriados
   717 | D        | Reached *** piety under Cheibriados
   888 | D        | Noticed a warg
   914 | D        | Reached skill level 5 in Fighting
   914 | D        | Reached skill level 5 in Armour
   914 | D        | Reached skill level 5 in Shields
   914 | D        | Reached XP level 4. HP: 26/31 MP: 4/6
   921 | D        | Killed a warg
   921 | D        | Reached **** piety under Cheibriados
   922 | D        | Reached skill level 5 in Maces & Flails
   922 | D        | Reached XP level 5. HP: 33/37 MP: 5/8
   922 | D        | Reached ***** piety under Cheibriados
   923 | D        | Reached skill level 5 in Invocations
   923 | D        | Reached XP level 6. HP: 37/42 MP: 0/9
  1250 | D        | Noticed a sixfirhy
  1263 | D        | Killed a sixfirhy
  1264 | D        | Reached XP level 7. HP: 29/51 MP: 5/12
  1593 | D        | Reached XP level 8. HP: 56/56 MP: 7/14
  1632 | D        | Noticed a phantasmal warrior
  1650 | D        | Killed a phantasmal warrior
  1650 | D        | Reached ****** piety under Cheibriados
  1651 | D        | Reached skill level 10 in Fighting
  1651 | D        | Reached skill level 10 in Armour
  1651 | D        | Reached skill level 10 in Shields
  1886 | D        | Noticed a manticore
  1891 | D        | Killed a manticore
  1892 | D        | Reached XP level 9. HP: 48/63 MP: 4/16
  2332 | D        | Noticed a troll
  2332 | D        | Noticed a two-headed ogre
  2333 | D        | Noticed a two-headed ogre
  2334 | D        | Killed a troll
  2336 | D        | Killed a two-headed ogre
  2336 | D        | Noticed a bog body
  2337 | D        | Reached skill level 10 in Maces & Flails
  2337 | D        | Reached skill level 10 in Invocations
  2344 | D        | Killed a two-headed ogre
  2345 | D        | Reached XP level 10. HP: 41/71 MP: 3/18
  2347 | D        | Killed a bog body
  3177 | D        | Noticed a deep troll
  3180 | D        | Killed a deep troll
  3444 | D        | Noticed a bog body
  3447 | D        | Killed a bog body
  3650 | D        | Noticed a gargoyle
  3653 | D        | Killed a gargoyle
  3659 | D        | Killed a shadow wraith
  3660 | D        | Reached XP level 11. HP: 44/78 MP: 15/20
  4006 | D        | Noticed a cyclops
  4006 | D        | Noticed an eight-headed hydra
  4014 | D        | Killed an eight-headed hydra
  4019 | D        | Killed a cyclops
  4607 | D        | Noticed a spriggan rider
  4607 | D        | Noticed a deep elf pyromancer
  4612 | D        | Killed a deep elf pyromancer
  4985 | D        | Noticed Joseph
  4985 | D        | Noticed a sixfirhy
  4986 | D        | Noticed a boulder beetle
  4987 | D        | Killed a sixfirhy
  4989 | D        | Killed a boulder beetle
  4990 | D        | Killed Joseph
  5456 | D        | Noticed a boulder beetle
  5465 | D        | Killed a boulder beetle
  5724 | D        | Noticed an anaconda
  5724 | D        | Noticed an alligator
  5724 | D        | Noticed an alligator
  5726 | D        | Reached skill level 15 in Fighting
  5726 | D        | Killed an anaconda
  5727 | D        | Reached skill level 15 in Armour
  5727 | D        | Reached skill level 15 in Shields
  5727 | D        | Reached XP level 12. HP: 87/87 MP: 11/22
  5727 | D        | Killed an alligator
  5729 | D        | Killed an alligator
  6323 | D        | Noticed an apis
  6337 | D        | Killed an apis
  6593 | D        | Noticed a vampire mage
  6597 | D        | Killed a vampire mage
  6598 | D        | Reached skill level 1 in Dodging
  6598 | D        | Reached skill level 1 in Spellcasting
  6598 | D        | Reached skill level 15 in Invocations
  6885 | D        | Noticed a two-headed ogre
  6891 | D        | Killed a two-headed ogre
  7273 | D        | Noticed an orc warlord
  7273 | D        | Noticed an orc warlord
  7287 | D        | HP: 2/88 [orc knight/+0 long sword (31)]
  7287 | D        | Slain by an orc knight

Illustrated notes

Levels and vault maps discovered:
D:        pitsprint [storerooms_1, entrance_room_1, metal_vault_5, armoury_1,
          mini_pit_1, grid_room_1, main_hall_1, silver_pit, the_coven_3,
          the_vestibule_1, steel_vault_2, golden_pit, hallway_of_sentries,
          crystal_vault_2, iron_vault_2, final_vault]

Skill      XL: |  1  2  3  4  5  6  7  8  9 10 11 12 |
---------------+-------------------------------------+-----
Fighting       | 4 5 6 9 10 11 13 15 | 15.8
Armour         | 4 5 6 9 10 11 13 15 16 | 16.1
Shields        | 4 5 6 9 10 11 13 15 16 | 16.0
Maces & Flails | 3 4 5 7 8 9 10 12 13 14 | 14.4
Invocations    | 1 2 4 5 7 8 9 10 12 14 15 | 15.2
Dodging        | 3 |  3.1
Spellcasting   | 2 |  2.2

Action                   |  1- 3 |  4- 6 |  7- 9 | 10-12 || total
-------------------------+-------+-------+-------+-------++-------
Melee: Mace              |    40 |    32 |    15 |       ||    87
       Flail             |     1 |       |       |       ||     1
       Morningstar       |       |       |     8 |    69 ||    77
Invok: Slouch            |       |     2 |     7 |    37 ||    46
  Use: Potion            |       |     4 |     2 |     2 ||     8
Armor: Scale mail        |    17 |       |       |       ||    17
       Plate armour      |    59 |    17 |    17 |    60 ||   153
Dodge: Dodged            |    45 |    12 |    10 |    46 ||   113
Block: Buckler           |    16 |    12 |    11 |    42 ||    81
